 Dungeon Crawl Stone Soup version 0.20.0-15-g7f486f2 (console) character file.

31 dylex the Grave Robber (level 3, -2/19 HPs)
             Began as a Deep Elf Necromancer on June 16, 2017.
             Slain by an adder (5 damage)
             ... on level 2 of the Dungeon.
             The game lasted 00:09:58 (1351 turns).

dylex the Grave Robber (Deep Elf Necromancer)       Turns: 1351, Time: 00:09:59

Health: -2/19      AC:  2    Str:  6    XL:     3   Next: 7%
Magic:  4/10       EV: 13    Int: 19    God:
Gold:   65         SH:  0    Dex: 15    Spells: 7/9 levels left

rFire    + . .     SeeInvis .   f - +0 short sword
rCold    x . .     Gourm    .   (no shield)
rNeg     . . .     Faith    .   a - +0 robe
rPois    .         Spirit   .   (no helmet)
rElec    .         Reflect  .   (no cloak)
rCorr    .         Harm     .   (no gloves)
MR       .....                  (no boots)
Stlth    ++........             (no amulet)
Regen    0.1/turn               k - ring of fire
MPRegen  0.2/turn               (no ring)

@: no status effects
A: no striking features
a: no special abilities


You were on level 2 of the Dungeon.
You were not hungry.

You visited 1 branch of the dungeon, and saw 3 of its levels.

You collected 65 gold pieces.

Inventory:

Hand Weapons
 f - a +0 short sword (weapon)
Missiles
 d - 16 arrows
Armour
 a - a +0 robe (worn)
 n - a +0 pair of boots
Jewellery
 k - a ring of fire (left hand)
Scrolls
 e - 2 scrolls of identify {unknown}
 g - a scroll of recharging {unknown}
 h - 2 scrolls of remove curse {unknown}
 m - a scroll of fear {unknown}
Potions
 l - a potion of brilliance {unknown}
Books
 b - a book of Necromancy

   Spells                             Type                      Level
   a - Pain                           Necromancy                   1
   b - Animate Skeleton               Necromancy                   1
   c - Vampiric Draining              Necromancy                   3
   d - Regeneration                   Charms/Necromancy            3
   e - Animate Dead                   Necromancy                   4
   f - Control Undead                 Necromancy                   4
Comestibles
 c - a bread ration
 i - a fruit
 j - a royal jelly


   Skills:
 + Level 2.6 Dodging
 + Level 2.7 Stealth
 + Level 3.5 Spellcasting
 + Level 5.5 Necromancy


You had 7 spell levels left.
You knew the following spells:

 Your Spells              Type           Power        Failure   Level  Hunger
b - Animate Skeleton      Necr           N/A          1%          1    None
d - Pain                  Necr           ###.         1%          1    None


Dungeon Overview and Level Annotations

Branches:
Dungeon (3/15)

Altars:
Hepliaklqana
Yredelemnul


Message History

Confirm with . or Enter, or press ? or * to list all spells.
Aiming: Pain
Press: ? - help, Shift-Dir - straight line, f/p - adder
Aim: an adder (severely wounded, chance to defeat MR: 88%)
The adder barely resists.
The adder misses you.
Casting: Pain
Confirm with . or Enter, or press ? or * to list all spells.
Aiming: Pain
Press: ? - help, Shift-Dir - straight line, f/p - adder
Aim: an adder (severely wounded, chance to defeat MR: 88%)
The adder writhes in agony!
The adder bites you. The adder bites you.
* * * LOW HITPOINT WARNING * * *
Casting: Pain
Confirm with . or Enter, or press ? or * to list all spells.
Aiming: Pain
Press: ? - help, Shift-Dir - straight line, f/p - adder
Aim: an adder (severely wounded, chance to defeat MR: 88%)
The adder barely resists.
The adder bites you.
You die...

▒·▒·▒▒·▒··↘·▽··▒▒··@S···▒
▒··▒···▒·▒▒
▒·▒·▒▒·▒▒▒▒▒▒▒▒▒▒▒·▒Z▒▒·▒
▒▒↗▒···▒·▒▒ ▒····Z·▒
▒·$Z···▒ ▒·▒···▒·▒▒
▒▒▒·▒▒▒▒▒▒ ▒▒▒·▒▒▒▒
▒·▒···▒·▒▒ ▒·······▒
▒▒▒▒▒▒▒·▒ ········▒▒
▒··▒·▒▒·▒ ▒▒··Z····▒
▒▒▒·······
▒···▒·▒·▒▒▒▒···▒▒▒▒▒▒
▒··▒▒▒·······▒·▒
▒·▒Z▒·▒·▒▒▒▒···▒
▒·▒▒·▒▒·▒ ▒▒▒▒▒ ▒·····Z·▒
▒▒▒▒▒▒▒▒▒


You could see an adder, a friendly frilled lizard skeleton and a friendly kobold
skeleton.

Vanquished Creatures
  A dart slug (D:1)
  4 bats (D:1)
  2 giant cockroaches
  3 goblins
  2 hobgoblins (D:1)
  A frilled lizard (D:2)
  7 kobolds
  9 rats
29 creatures vanquished.

Notes
Turn   | Place    | Note
-------+----------+-------------------------------------------
     0 | D:1      | dylex the Deep Elf Necromancer began the quest for the Orb.
     0 | D:1      | Reached XP level 1. HP: 10/10 MP: 6/6
     2 | D:1      | Learned a level 1 spell: Animate Skeleton
   102 | D:1      | Reached skill level 5 in Necromancy
   350 | D:1      | Reached XP level 2. HP: 15/15 MP: 6/8
   528 | D:2      | Found a hazy altar of Hepliaklqana.
  1258 | D:2      | Reached XP level 3. HP: 16/19 MP: 8/10
  1261 | D:2      | Found a basalt altar of Yredelemnul.
  1351 | D:2      | Slain by an adder

Skill      XL: |  1 |
---------------+----+-----
Necromancy     | 5 |  5.5
Dodging        | |  2.6
Stealth        | |  2.7
Spellcasting   | |  3.5

Action                   || total
-------------------------++-------
Melee: Short sword       ||     6
 Cast: Pain              ||    45
       Animate Skeleton  ||     7
 Stab: Distracted        ||     1
       Sleeping          ||     2
  Eat: Chunk             ||     1
Armor: Robe              ||     1
Dodge: Dodged            ||    10
